 Dungeon Crawl Stone Soup version 0.27.1-34-g3ba077fa99 (webtiles) character file.

Game seed: 16819659785469953937

49 daervis the Skirmisher (level 3, 0/24 HPs)
             Began as a Gargoyle Berserker on Jan 22, 2022.
             Was a Believer of Trog.
             Slain by Terence (5 damage)
             ... on level 2 of the Dungeon.
             The game lasted 00:06:09 (1760 turns).

daervis the Skirmisher (Gargoyle Berserker)         Turns: 1760, Time: 00:06:10

Health: 0/24       AC:  9    Str: 21    XL:     3   Next: 75%
Magic:  3/3        EV: 11    Int:  7    God:    Trog [**....]
Gold:   58         SH:  0    Dex:  9    Spells: 2/2 levels left

rFire    . . .     SeeInvis .   a - +0 hand axe
rCold    . . .     Faith    .   (no shield)
rNeg     + . .     Spirit   .   e - +0 ring mail
rPois    ∞         Reflect  .   (no helmet)
rElec    +         Harm     .   (no cloak)
rCorr    .         Rampage  .   i - +0 pair of gloves
Will     .....                  (no boots)
Stlth    +.........             (no amulet)
HPRegen  0.08/turn              (no ring)
MPRegen  0.08/turn              (no ring)

@: on berserk cooldown, slowed, very slow
A: sickness immunity, AC +3, negative energy resistance 1, electricity
resistance, torment resistance 1, petrification resistance
a: Renounce Religion, Berserk, Trog's Hand


You were on level 2 of the Dungeon.
You worshipped Trog.
Trog was pleased with you.
You visited 1 branch of the dungeon, and saw 3 of its levels.

You collected 58 gold pieces.

Inventory:

Hand Weapons
 a - a +0 hand axe (weapon)
Armour
 b - a +0 animal skin
 e - a +0 ring mail (worn)
 i - a +0 pair of gloves (worn)
Scrolls
 c - a scroll of identify {unknown}
 d - a scroll of enchant armour {unknown}
 l - a scroll of amnesia {unknown}
Potions
 f - a potion of haste {unknown}
 g - a potion of mutation {unknown}
 h - a potion of degeneration {unknown}
 j - a potion of resistance {unknown}
 k - a potion of attraction {unknown}
 m - 2 potions of berserk rage {unknown}


   Skills:
 + Level 3.7 Fighting
 * Level 3.5 Axes
 + Level 2.4 Armour
 - Level 1.5 Dodging
 * Level 1.2 Stealth


You had 2 spell levels left.
You didn't know any spells.
Your spell library was empty.

Dungeon Overview and Level Annotations

Branches:
Dungeon (3/15)

Altars:
Xom

Annotations:
D:2 Robin, Terence


Innate Abilities, Weirdness & Mutations

You are immune to sickness and miasma.
Your stone body is resilient. (AC +3)
You are immune to poison.
You resist negative energy. (rN+)
You are resistant to electric shocks. (rElec)
You are resistant to unholy torment.
You are immune to petrification.


Message History

The adder barely misses you.
You slash the adder!
You kill the adder!
Trog accepts your kill.
You hit Terence.
Terence is lightly wounded.
Terence hits you but does no damage.
You hit Terence.
Terence is heavily wounded.
Terence barely misses you.
You hit Terence.
Terence is heavily wounded.
You hit Terence.
Terence is heavily wounded.
Terence barely misses you.
You closely miss Terence.
Terence is heavily wounded.
You are no longer berserk.
You are exhausted.
You feel yourself slow down. Terence hits you with a +0 flail.
You hit Terence but do no damage.
Terence is heavily wounded.
Terence closely misses you. Terence hits you with a +0 flail.
You hit Terence but do no damage.
Terence is heavily wounded.
Terence barely misses you.
You closely miss Terence.
Terence is heavily wounded.
Terence hits you with a +0 flail. Terence closely misses you.
You hit Terence but do no damage.
Terence is heavily wounded.
Terence barely misses you. Terence misses you.
You hit Terence.
Terence is severely wounded.
Terence hits you with a +0 flail!
* * * LOW HITPOINT WARNING * * *
You barely miss Terence.
Terence is severely wounded.
Terence hits you but does no damage. Terence hits you with a +0 flail.
You die...

..######
##.###..#>#####
#.####....###
#.......#...#
#.######.####....#.##
# .........#
#.#.##...
##.##.######.#
#..#...÷# ..... #.#
#.#.###)#
......######.####.#
#÷# #..@@.........#
##.# ########.######
#... #.# ####... #.#
#...... #.# #.#....
#.# #...... #.#
##.#... #.# #)#...
#.# #.###.


You could see Terence.

Vanquished Creatures
  An adder (D:2)
  A dart slug (D:2)
  2 bats (D:1)
  3 endoplasms (D:1)
  2 giant cockroaches (D:1)
  5 hobgoblins
  3 jackals (D:1)
  5 kobolds
  3 ball pythons (D:2)
  3 frilled lizards (D:1)
  6 goblins
  A rat (D:1)
35 creatures vanquished.

Notes
Turn   | Place    | Note
-------+----------+-------------------------------------------
     0 | D:1      | daervis the Gargoyle Berserker began the quest for the Orb.
     0 | D:1      | Reached XP level 1. HP: 14/14 MP: 1/1
   291 | D:2      | Noticed Robin
   291 | D:2      | Found a shimmering altar of Xom.
   304 | D:1      | Reached XP level 2. HP: 19/19 MP: 2/2
   439 | D:1      | Found a faded altar of an unknown god.
   874 | D:1      | Reached XP level 3. HP: 20/24 MP: 3/3
   876 | D:1      | Reached skill level 1 in Stealth
  1284 | D:2      | Reached ** piety under Trog
  1737 | D:2      | Noticed Terence
  1760 | D:2      | Slain by Terence

Illustrated notes

Levels and vault maps discovered:
D:1:      giann_wishing_wells, layout_basic,
          hellmonk_ecumenical_altar_heavens_door
D:2:      layout_loops_ring, basic_altar, uniq_robin, uniq_terence
D:3:      layout_loops_ring, tso_altar, serial_undead, serial_undead_c,
          serial_undead_f, serial_undead_a, serial_undead_a

Skill      XL: |  1  2  3 |
---------------+----------+-----
Axes           | 3 |  3.5
Stealth        | 1 |  1.2
Fighting       | |  3.7
Armour         | |  2.4
Dodging        | |  1.5

Action                   || total
-------------------------++-------
Melee: Hand axe          ||   112
Invok: Berserk           ||     6
Armor: Ring mail         ||    60
       Animal skin       ||     4
Dodge: Dodged            ||    78
